 Dungeon Crawl Stone Soup version 0.29-a0-841-g116ddc6ace (webtiles) character file.

Game seed: 8762752594311061961

29423 scionoferis the Slicer (level 13, -1/109 HPs)
             Began as a Naga Ice Elementalist on July 13, 2022.
             Was the Champion of Cheibriados.
             Killed by divine providence
             ... invoked by Saint Roka
              (8 damage)
             ... on level 2 of the Orcish Mines on July 14, 2022.
             The game lasted 01:56:06 (21133 turns).

scionoferis the Slicer (Naga Ice Elementalist)     Turns: 21133, Time: 01:56:06

Health: -1/109     AC: 20    Str: 28    XL:     13   Next: 45%
Magic:  11/25      EV: 17    Int: 32    God:    Cheibriados [******]
Gold:   1175       SH:  8    Dex: 28    Spells: 4/28 levels left

rFire   + . .      SeeInvis +   y - +4 scimitar (venom)
rCold   + . .      Faith    .   w - +1 buckler
rNeg    . . .      Spirit   .   S - +3 leather armour {rF+}
rPois   +          Reflect  .   i - +2 hat
rElec   .          Harm     .   U - +0 cloak
rCorr   .          Rampage  .   (no gloves)
Will    +....                   (no barding)
Stlth   +++.......              (no amulet)
HPRegen 0.28/turn               r - ring of protection from cold
MPRegen 0.19/turn               I - +4 ring of evasion

@: ice-armoured (expiring), freezing walls, studying Axes, very slow
A: AC +4, large, see invisible, deformed body, poison resistance, slowness 2,
spit poison 1, naga tail 2
a: Spit Poison, Renounce Religion, Bend Time, Temporal Distortion, Slouch, Step
From Time


You were on level 2 of the Orcish Mines.
You worshipped Cheibriados.
Cheibriados was exalted by your worship.
You visited 4 branches of the dungeon, and saw 16 of its levels.
You also visited: Volcano.

You collected 1637 gold pieces.
You spent 462 gold pieces at shops.

Inventory:

Hand Weapons
 a - the +5 short sword "Caipp" {flame, Dex+5}
   (You found it on level 2 of the Dungeon)

   It burns those it strikes, dealing additional fire damage.
   Dex:       It affects your dexterity (+5).
 b - a +2 shortbow of flaming
 y - a +4 scimitar of venom (weapon)
 z - a +1 longbow of flaming
 E - a +0 quarterstaff of flaming
 M - a +2 short sword of holy wrath
 R - a +0 quick blade of flaming
 V - a +1 glaive of flaming
Missiles
 c - a curare-tipped dart
 j - 5 boomerangs
 B - 5 throwing nets
 C - 37 poisoned darts
Armour
 i - a +2 hat (worn)
 k - +0 steam dragon scales
 w - a +1 buckler (worn)
 F - a +1 robe of cold resistance
 L - a +3 plate armour of fire resistance
 S - a +3 leather armour of fire resistance (worn)
 U - a +0 cloak (worn)
Magical Staves
 K - a staff of cold
Jewellery
 f - a ring of flight
 q - a ring of positive energy
 r - a ring of protection from cold (left hand)
 I - a +4 ring of evasion (right hand)
Wands
 d - a wand of polymorph (22)
 l - a wand of roots (7)
 o - a wand of charming (8)
 D - a wand of digging (9)
 J - a wand of mindburst (3)
 Q - a wand of light (5)
Scrolls
 m - a scroll of teleportation
 p - 4 scrolls of blinking
 u - 7 scrolls of fog
 x - 2 scrolls of fear
 G - 2 scrolls of magic mapping
 N - 2 scrolls of silence
 P - a scroll of enchant weapon {unknown}
Potions
 e - 3 potions of brilliance {unknown}
 g - a potion of experience {unknown}
 h - 8 potions of curing
 s - 2 potions of resistance {unknown}
 t - a potion of ambrosia
 v - 2 potions of magic
 O - a potion of lignification
 T - a potion of mutation
Miscellaneous
 A - a condenser vane
 H - a box of beasts


   Skills:
 - Level 5.0 Fighting
 - Level 10.0 Short Blades
 + Level 5.3 Armour
 + Level 4.4 Dodging
 - Level 4.0 Stealth
 + Level 4.4 Shields
 + Level 8.2 Spellcasting
 - Level 5.0 Conjurations
 + Level 7.1 Translocations
 - Level 3.0 Transmutations
 + Level 9.4 Ice Magic
 + Level 8.7 Invocations


You had 4 spell levels left.
You knew the following spells:

 Your Spells              Type           Power      Damage    Failure   Level
a - Freeze                Ice            100%       1d11      1%          1
b - Ozocubu's Armour      Ice            65%        N/A       1%          3
c - Frozen Ramparts       Ice            100%       1d12      1%          3
d - Blink                 Tloc           100%       N/A       1%          2
e - Lesser Beckoning      Tloc           56%        N/A       1%          3
f - Apportation           Tloc           100%       N/A       1%          1
g - Wereblood             Tmut           32%        N/A       2%          2
h - Hailstorm             Conj/Ice       56%        3d12      2%          4
i - Manifold Assault      Tloc           56%        N/A       8%          5

Your spell library contained the following spells:

 Spells                   Type           Power      Damage    Failure   Level
 Beastly Appendage        Tmut           64%        N/A       1%          1
 Shock                    Conj/Air       100%       1d9       1%          1
 Gell's Gravitas          Tloc           56%        N/A       1%          3
 Teleport Other           Tloc           56%        N/A       1%          3
 Necrotise                Necr           52%        1d6       4%          1
 Sandblast                Erth           26%        2d8       4%          1
 Summon Small Mammal      Summ           52%        N/A       4%          1
 Passwall                 Tmut/Erth      18%        N/A       4%          2
 Stone Arrow              Conj/Erth      58%        3d10      5%          3
 Spider Form              Tmut/Pois      22%        N/A       9%          3
 Dispersal                Tloc           28%        N/A       38%         6
 Alistair's Intoxication  Tmut/Pois      14%        N/A       58%         5


Dungeon Overview and Level Annotations

Branches:
Dungeon (12/15)            Temple (1/1) D:7            Lair (1/6) D:9
    Orc (2/2) D:12            Elf (0/3) Orc:2       Volcano (visited)

Altars:
Ashenzari
Cheibriados
Dithmenos
Elyvilon
Fedhas
Gozag
Hepliaklqana
Kikubaaqudgha
Makhleb
Nemelex Xobeh
Okawaru
Qazlal
Ru
Sif Muna
Trog
Uskayaw
Vehumet
Wu Jian
Xom
Yredelemnul
Zin
The Shining One

Shops:
D:5 (*(   D:6 [

Annotations:
Lair:1 exclusion: orange crystal statue
Orc:1 1 runed translucent door
Orc:2 Saint Roka


Innate Abilities, Weirdness & Mutations

Your serpentine skin is tough. (AC +4)
You have supernaturally acute eyesight. (SInv)
Armour fits poorly on your strangely shaped body.
Your system is resistant to poisons. (rPois)
You cover ground very slowly.
You can spit poison.
You can use your snake-like lower body to constrict enemies.


Message History

Saint Roka hits you with a +0 long sword!
* * * LOW HITPOINT WARNING * * *
You hit Saint Roka.
Saint Roka looks as sick as possible!
Saint Roka is heavily wounded.
You constrict Saint Roka! You block the orc warrior's attack.
The wall freezes the orc warrior!
Saint Roka resists.
The wall freezes Saint Roka.
Saint Roka hits you with a +0 long sword!
* * * LOW HITPOINT WARNING * * *
You feel much better.
You constrict Saint Roka!
The wall freezes the orc warrior!
The wall freezes the orc wizard.
Saint Roka resists.
The wall freezes Saint Roka.
Saint Roka hits you with a +0 long sword!
* * * LOW HITPOINT WARNING * * *
Aiming: Charm
Press: ? - help, Shift-Dir - straight line, f - orc warrior, p - Saint Roka
Aim: an orc warrior, wielding a +0 flail and wearing a +0 plate armour (severely wounded, strong, chance to affect: 49%)
The orc warrior resists with some effort.
You constrict Saint Roka!
The orc warrior hits you but does no damage.
The orc warrior barely misses you.
The wall freezes the orc wizard.
Saint Roka resists.
The wall freezes Saint Roka.
Saint Roka calls down the wrath of Beogh upon you.
Beogh smites you!
* * * LOW HITPOINT WARNING * * *
Activating: Slouch (2% risk of failure)
Press: ? - help, Dir - look around, f - activate You can feel time thicken for a moment.
You kill the orc wizard!
Cheibriados appreciates the change of pace.
You kill the orc warrior!
Cheibriados thoroughly appreciates the change of pace.
You kill the orc warrior!
Cheibriados appreciates the change of pace.
You constrict Saint Roka, but do no damage.
An orc comes into view. It is wielding a +0 falchion.
Saint Roka resists.
The wall freezes Saint Roka.
Saint Roka calls down the wrath of Beogh upon you.
Beogh smites you!
You die...

##.......###
####..........# ##
##.#............ ##.#
##.....#...#.....
#...##.#..............
#..$....#.............
##......##..........#..
#...^))......#..≈......
#..))o@.........≈......
#.o.###......#.≈..#....
##.. #.........≈#..≈§..
o.. ##........##≈≈....
o##. ##...#..≈#/.#..[))
. #
###......≈.#.)..#.)[
##.......#≈.≈§.[.....
#.....§..≈#§≈§§#[).)[
##........§...≈#..[)[


You could see Saint Roka (extremely poisoned) and an orc (strong).

Vanquished Creatures
  An orc warlord (Orc:1)
  A fire dragon (Volcano)
  Fannar (D:12)
  2 hydras
  Harold (D:9)
  2 two-headed ogres
  3 death yaks (D:9)
  3 sun demons (Volcano)
  2 ugly things
  2 orc sorcerers (Orc:2)
  A manticore (D:12)
  3 cyclopes (D:12)
  Joseph (D:9)
  2 black mambas (Lair:1)
  A cane toad (Lair:1)
  3 smoke demons (Volcano)
  A rime drake (Lair:1)
  2 unseen horrors
  A komodo dragon (Lair:1)
  6 trolls
  The ghost of buhh the Insei, an amateur OpTm (D:4)
  A wyvern (D:10)
  3 wraiths
  19 yaks
  A basilisk (D:11)
  An unseen horror simulacrum (D:8)
  Grum (D:10)
  5 steam dragons (Volcano)
  4 vampire mosquitoes (D:12)
  3 wargs (Orc:1)
  The ghost of logorrheac the Stinger, an amateur OpVM (D:3)
  An acid dragon (D:10)
  A hell hound (Volcano)
  3 water moccasins (Lair:1)
  A black bear (D:6)
  2 ice beasts
  A sky beast (D:7)
  24 orc warriors
  6 ogres
  10 wolves
  5 centaurs
  A phantom (D:4)
  3 kobold brigands
  7 bullfrogs
  2 necrophages (D:7)
  2 gnoll sergeants
  3 scorpions
  A water moccasin skeleton (D:4)
  2 electric eels (Lair:1)
  9 howler monkeys
  21 orc priests
  A centaur skeleton (D:4)
  2 hounds (D:4)
  A jelly (D:8)
  2 bullfrog skeletons (D:4)
  2 gnoll boudas
  3 iguanas
  18 orc wizards
  18 gnolls
  10 adders
  A river rat (D:9)
  A shadow imp (D:8)
  4 white imps
  A howler monkey simulacrum (D:8)
  4 ufetubi
  2 worms
  A dart slug (D:5)
  97 orcs
  4 endoplasms
  2 giant cockroaches
  7 goblins
  5 hobgoblins
  4 jackals (D:1)
  7 quokkas
  7 ball pythons
  5 bats
  4 frilled lizards
  32 kobolds
  5 rats
434 creatures vanquished.

Vanquished Creatures (others)
  An orc wizard (Orc:2)
  23 plants
24 creatures vanquished.

Grand Total: 458 creatures vanquished

Notes
Turn   | Place    | Note
-------+----------+-------------------------------------------
     0 | D:1      | scionoferis the Naga Ice Elementalist began the quest for
                  | the Orb.
     0 | D:1      | Reached XP level 1. HP: 15/15 MP: 3/3
   315 | D:1      | Reached XP level 2. HP: 18/22 MP: 5/5
   443 | D:1      | Found a faded altar of an unknown god.
   450 | D:1      | Got Plato's Grimoire of Clouds
  1098 | D:1      | Upgraded the game from 0.29-a0-834-g1e95ca9f62 to
                  | 0.29-a0-838-g385bb11a5b
  1557 | D:2      | Identified the +5 short sword "Caipp" {flame, Dex+5}
  1646 | D:2      | Reached XP level 3. HP: 10/28 MP: 6/6
  1846 | D:1      | Learned a level 3 spell: Ozocubu's Armour
  2672 | D:2      | Reached XP level 4. HP: 36/36 MP: 7/7
  2919 | D:2      | Learned a level 3 spell: Frozen Ramparts
  3293 | D:3      | Noticed a gnoll sergeant
  3589 | D:3      | Found a transporter.
  3597 | D:3      | Noticed logorrheac's ghost (amateur OpVM)
  3642 | D:3      | Found a transporter.
  3719 | D:3      | Reached skill level 1 in Short Blades
  3738 | D:3      | Reached XP level 5. HP: 39/42 MP: 2/9
  3936 | D:4      | Reached skill level 5 in Ice Magic
  4005 | D:4      | Found a runed translucent gate.
  4005 | D:4      | Found a runed translucent gate.
  4009 | D:4      | Found a runed translucent gate.
  4013 | D:4      | Noticed buhh's ghost (amateur OpTm)
  4270 | D:4      | Reached XP level 6. HP: 28/49 MP: 0/10
  4451 | D:4      | Reached skill level 2 in Short Blades
  5059 | D:5      | Entered Level 5 of the Dungeon
  5066 | D:5      | Reached XP level 7. HP: 55/55 MP: 12/12
  5069 | D:5      | Learned a level 2 spell: Blink
  5104 | D:5      | Reached skill level 3 in Short Blades
  5113 | D:5      | Found Xontiull's Weapon Shoppe.
  5190 | D:5      | Reached skill level 1 in Translocations
  5370 | D:5      | Found Cinur's Antique Weapon Shoppe.
  5422 | D:5      | Reached XP level 8. HP: 52/62 MP: 6/13
  5568 | D:5      | Reached skill level 4 in Short Blades
  5782 | D:5      | Noticed a yak
  5979 | D:5      | Found Buloureo's Assorted Antiques.
  6002 | D:5      | Noticed a yak
  6014 | D:5      | Noticed a yak
  6016 | D:5      | Killed a yak
  6023 | D:5      | Killed a yak
  6027 | D:5      | Killed a yak
  6028 | D:5      | Reached skill level 5 in Short Blades
  6448 | D:6      | Learned a level 3 spell: Lesser Beckoning
  6569 | D:6      | Found Zihoacw's Armour Emporium.
  6734 | D:6      | Reached XP level 9. HP: 68/68 MP: 9/16
  7470 | D:7      | Reached skill level 6 in Short Blades
  7561 | D:7      | Found a staircase to the Ecumenical Temple.
  7575 | D:7      | Reached skill level 5 in Spellcasting
  7616 | D:7      | Learned a level 1 spell: Apportation
  7954 | Temple   | Entered the Ecumenical Temple
  8133 | Temple   | Became a worshipper of Cheibriados the Contemplative
  8426 | D:7      | Reached skill level 7 in Short Blades
  8546 | D:5      | Bought a runed scimitar for 175 gold pieces
  8592 | D:7      | Learned a level 2 spell: Wereblood
  8634 | D:8      | Reached * piety under Cheibriados
  8832 | D:8      | Reached skill level 1 in Fighting
  8832 | D:8      | Reached skill level 1 in Transmutations
  8846 | D:8      | Reached skill level 1 in Invocations
  8955 | D:8      | Reached skill level 1 in Armour
  8955 | D:8      | Reached XP level 10. HP: 70/78 MP: 11/18
  9039 | D:8      | Reached ** piety under Cheibriados
  9877 | D:9      | Noticed Joseph
 10166 | D:9      | Killed Joseph
 10680 | D:9      | Noticed a two-headed ogre
 10687 | D:9      | Reached *** piety under Cheibriados
 10692 | D:9      | Killed a two-headed ogre
 10693 | D:9      | Reached skill level 5 in Translocations
 10694 | D:9      | Reached skill level 8 in Short Blades
 10949 | D:9      | Noticed a death yak
 10949 | D:9      | Noticed a death yak
 10957 | D:9      | Noticed a death yak
 10992 | D:9      | Noticed Harold
 11011 | D:9      | Killed Harold
 11226 | D:9      | Killed a death yak
 11229 | D:9      | Reached XP level 11. HP: 10/90 MP: 10/20
 11233 | D:9      | Killed a death yak
 11234 | D:9      | Reached skill level 5 in Invocations
 11235 | D:9      | Killed a death yak
 11236 | D:9      | Reached skill level 9 in Short Blades
 11492 | D:9      | Found a staircase to the Lair.
 11653 | D:9      | Reached **** piety under Cheibriados
 12208 | D:9      | Upgraded the game from 0.29-a0-838-g385bb11a5b to
                  | 0.29-a0-841-g116ddc6ace
 12336 | D:6      | Bought a +0 cloak for 63 gold pieces
 12336 | D:6      | Bought a +2 hat for 224 gold pieces
 12352 | D:6      | Learned a level 4 spell: Hailstorm
 12445 | D:10     | Entered Level 10 of the Dungeon
 12456 | D:10     | Found a bloodstained altar of Trog.
 12460 | D:10     | Found a hazy altar of Hepliaklqana.
 12461 | D:10     | Found a sacrificial altar of Ru.
 12461 | D:10     | Found a shimmering altar of Xom.
 12532 | D:10     | Reached skill level 1 in Conjurations
 12699 | D:10     | Noticed a green ugly thing
 12699 | D:10     | Noticed a centaur warrior
 12883 | D:10     | Found an ancient bone altar of Kikubaaqudgha.
 12889 | D:10     | Found a white marble altar of Elyvilon.
 12908 | D:10     | Noticed Grum
 12919 | D:10     | Killed Grum
 12984 | D:10     | Reached skill level 1 in Shields
 13438 | D:10     | Noticed a two-headed ogre
 13452 | D:10     | Killed a two-headed ogre
 14010 | D:3      | Killed logorrheac's ghost
 14010 | D:3      | Reached ***** piety under Cheibriados
 14345 | D:4      | Killed buhh's ghost
 14625 | D:11     | Noticed a six-headed hydra
 14636 | D:11     | Killed a six-headed hydra
 14637 | D:11     | Reached XP level 12. HP: 89/100 MP: 8/22
 15484 | D:12     | Noticed Fannar
 15532 | D:12     | Killed Fannar
 16036 | D:12     | Reached skill level 5 in Fighting
 16428 | D:12     | Found a staircase to the Orcish Mines.
 16533 | D:12     | Noticed a five-headed hydra
 16665 | D:12     | Killed a five-headed hydra
 17024 | Lair:1   | Entered Level 1 of the Lair of Beasts
 17040 | Lair:1   | Learned a level 5 spell: Manifold Assault
 17193 | Lair:1   | Reached skill level 5 in Conjurations
 17345 | Lair:1   | Reached skill level 10 in Short Blades
 17450 | Lair:1   | Reached ****** piety under Cheibriados
 18153 | Orc:1    | Entered Level 1 of the Orcish Mines
 18763 | Orc:1    | Found a runed translucent door.
 18765 | Orc:1    | Noticed a balrug
 18813 | Orc:2    | Entered Level 2 of the Orcish Mines
 18813 | Orc:2    | Noticed an orc warlord
 19011 | Orc:2    | Gained mutation: You can use your snake-like lower body to
                  | constrict enemies. [Naga growth]
 19011 | Orc:2    | Reached XP level 13. HP: 109/109 MP: 12/24
 19214 | Orc:1    | Killed an orc warlord
 19215 | Orc:1    | Reached skill level 5 in Armour
 19316 | Orc:2    | Found a dark tunnel.
 19330 | Volcano  | Entered a volcano
 20427 | Volcano  | Noticed a fire dragon
 20440 | Volcano  | Killed a fire dragon
 20836 | Orc:2    | Found a staircase to the Elven Halls.
 21121 | Orc:2    | Noticed Saint Roka
 21133 | Orc:2    | Killed from afar by Saint Roka

Illustrated notes

Levels and vault maps discovered:
D:1:      amcnicky_arrival_gap_in_the_tavern_cellar, layout_rooms,
          serial_forest, infiniplex_forest_straight_2, infiniplex_forest_end_2,
          infiniplex_forest_end_1, infiniplex_forest_end_3,
          infiniplex_forest_clump_cross, infiniplex_forest_lined_room_2,
          shapermc_ecumenical_altar_rom_forum
D:2:      layout_basic, minmay_puff
D:3:      layout_loops_ring, gammafunk_ghost_gnarly_gnolls
D:4:      layout_basic, gammafunk_ghost_necromancy, kennysheep_boxes
D:5:      layout_cave_pools, serial_shops, nicolae_diamond_shop,
          nicolae_inconvenience_store, nicolae_shop_overgrown_old_shop
D:6:      layout_loops_ring, serial_shops, nicolae_shop_statue_plus
D:7:      layout_basic, minmay_temple_entry_wispy
D:8:      layout_loops_ring, serial_ice, serial_ice_m, serial_ice_n,
          serial_ice_g, serial_ice_d, serial_ice_h, serial_ice_b, special_room
          [special_room_orc]
D:9:      layout_basic, dpeg_lair_monsters, uniq_harold, uniq_joseph
D:10:     layout_loops_corners, grunt_temple_overflow_open,
          mainiacjoe_overflow_large_starburst, grunt_ogre_cave,
          lightli_corner_chamber, uniq_grum
D:11:     layout_roguey
D:12:     layout_basic, david_orc_5, uniq_fannar
Temple:   regret_index_temple_sphere_string
Lair:1:   statuecave_lemuel, layout_layer_cave
Orc:1:    dreamdust_dug_too_deep, layout_caves
Orc:2:    st_orc_elflike, layout_caves, nicolae_volcano_entry_lava_flow,
          uniq_saint_roka

Skill      XL: |  1  2  3  4  5  6  7  8  9 10 11 12 13 |
---------------+----------------------------------------+-----
Dodging        | 2 3 4 |  4.4
Stealth        | 4 |  4.0
Short Blades   | 1 2 3 5 7 8 9 10 | 10.0
Ice Magic      | 5 6 7 8 9 |  9.4
Spellcasting   | 3 4 5 6 7 8 |  8.2
Translocations | 1 3 4 5 6 7 |  7.1
Fighting       | 1 3 4 5 |  5.0
Transmutations | 1 3 |  3.0
Invocations    | 1 4 7 8 |  8.7
Armour         | 1 2 3 4 5 |  5.3
Conjurations   | 3 5 |  5.0
Shields        | 1 3 4 |  4.4

Action                   |  1- 3 |  4- 6 |  7- 9 | 10-12 | 13-15 || total
-------------------------+-------+-------+-------+-------+-------++-------
Melee: Whip              |    43 |       |       |       |       ||    43
       Unarmed           |     2 |       |       |     1 |       ||     3
       Short sword       |    32 |    89 |   219 |   465 |    72 ||   877
       Punch             |       |     1 |     2 |     2 |       ||     5
       Scimitar          |       |       |       |       |    39 ||    39
       Constrict         |       |       |       |       |    28 ||    28
 Fire: Sling             |       |    10 |       |    16 |       ||    26
       Shortbow          |       |       |       |     8 |       ||     8
 Cast: Freeze            |     6 |       |       |       |       ||     6
       Ozocubu's Armour  |     1 |     7 |    21 |    51 |    20 ||   100
       Frozen Ramparts   |       |     5 |    30 |    53 |    11 ||    99
       Lesser Beckoning  |       |       |     3 |    16 |     6 ||    25
       Wereblood         |       |       |       |     2 |       ||     2
       Blink             |       |       |       |     1 |       ||     1
       Hailstorm         |       |       |       |     8 |     9 ||    17
       Manifold Assault  |       |       |       |     4 |       ||     4
Invok: Bend Time         |       |       |       |       |     2 ||     2
       Slouch            |       |       |       |       |     1 ||     1
Evoke: Wand              |       |       |       |     6 |     1 ||     7
  Use: Potion            |       |     3 |     1 |     9 |     2 ||    15
       Scroll            |       |       |     6 |    10 |       ||    16
 Stab: Sleeping          |    11 |    13 |     6 |    12 |       ||    42
Armor: Robe              |    11 |    21 |    42 |    87 |    35 ||   196
       Leather armour    |       |       |       |       |    12 ||    12
       Steam dragon scal |       |       |       |       |     6 ||     6
Dodge: Dodged            |    36 |    31 |   110 |   284 |    75 ||   536
Block: Buckler           |       |       |       |    79 |    43 ||   122

Table legend: (Time is in decaauts)
 A = Elapsed time spent in this place.
 B = Non-inter-level travel time spent in this place.
 C = Inter-level travel time spent in this place.
 D = Time resting spent in this place.
 E = Time spent auto-exploring this place.
 F = Levels seen in this place.
 G = Mean time per level.
                   A        B        C        D        E       F      G
               +--------+--------+--------+--------+--------+-----+--------+
         Total |  32834 |  29149 |   3685 |   4094 |  17372 |  17 | 1931.4 |
       Dungeon |  25209 |  22268 |   2941 |   2880 |  14594 |  12 | 2100.8 |
        Temple |    272 |    197 |     75 |      0 |    175 |   1 |  272.0 |
          Lair |   2261 |   1861 |    400 |     83 |   1059 |   1 | 2261.0 |
  Orcish Mines |   2972 |   2704 |    268 |    421 |   1544 |   2 | 1486.0 |
       Volcano |   2118 |   2118 |      0 |    710 |      0 |   1 | 2118.0 |
               +--------+--------+--------+--------+--------+-----+--------+

Top non-repeatable levels by time:
    D:12: 3299 daAuts
     D:9: 3125 daAuts
    D:10: 3072 daAuts
     D:8: 2397 daAuts
  Lair:1: 2261 daAuts
 Volcano: 2118 daAuts
     D:1: 1945 daAuts
   Orc:1: 1871 daAuts
     D:2: 1841 daAuts
    D:11: 1735 daAuts
     D:4: 1673 daAuts
     D:5: 1657 daAuts
     D:7: 1594 daAuts
     D:3: 1550 daAuts
     D:6: 1316 daAuts
